[Event "Czech Championship 2022"]
[Site "Usti nad Labem"]
[Date "2022.05.19"]
[Round "6.5"]
[White "Smolik, Jachym"]
[Black "Stalmach, Richard"]
[Result "1/2-1/2"]
[ECO "A88"]
[WhiteElo "2272"]
[BlackElo "2350"]
[Annotator "TA"]
[PlyCount "122"]
[EventDate "2022.05.12"]
[EventType "swiss"]
[EventCountry "CZE"]
[SourceTitle "playchess.com"]
[Source "ChessBase"]
[SourceQuality "1"]
[TimeControl "40/5400+30:1800+30"]

1. d4 f5 2. g3 Nf6 3. Bg2 g6 4. Nf3 Bg7 5. O-O O-O 6. c4 d6 7. Nc3 c6 8. Qc2 Qc7 9. b3 a5 10. Bb2 e5 {[%emt 0:01:58] A88: Dutch Defence: Leningrad System: 5 Nf3 0-0 6 0-0 d6 7 Nc3 c6.} 11. dxe5 dxe5 {[%emt 0:00:35] [#]} 12. Ba3 $146 ({Predecessor:} 12. Rfd1 Na6 13. a3 Bd7 14. Rd2 Rae8 15. Rad1 Bc8 16. e3 e4 17. Ne1 Ng4 18. Bh3 {0-1 (46) Goler,I-Tidman,S Oropesa del Mar 1998}) 12... Rd8 {[%emt 0:07:45] White has an edge.} 13. Rad1 e4 14. Rxd8+ Qxd8 15. Rd1 Bd7 16. Nd4 $36 {[%emt 0:00:41][%cal Od4e6][%mdl 2048] Black is under pressure.} Qe8 {[%emt 0:05:18] Against Ne6} 17. c5 {[%emt 0:13:43] White is much more active. The black rooks are badly placed.} (17. Na4 $14) 17... Na6 18. Na4 Nd5 19. Qc4 Qf7 20. e3 Bf8 21. Bf1 Be8 22. Qc1 Qe7 23. Qd2 Nac7 (23... Nab4 $14) 24. Bc4 Bf7 25. Nb6 Nxb6 (25... Rd8 $14) 26. cxb6 $18 Qxa3 27. Bxf7+ Kxf7 28. bxc7 Qd6 {[%emt 0:16:57] [#]} 29. Nb5 cxb5 $16 (29... Qxd2 $2 30. Rxd2 cxb5 31. Rd8 $18) 30. Qxd6 Bxd6 31. Rxd6 {[%emt 0:00:05][%mdl 4096] Endgame Rd8 is the strong threat. KR-KR} Rc8 (31... Ke7 $16 32. Rd5 Rc8) 32. Rd7+ $18 Ke6 33. Rxh7 Kd6 34. Rg7 Kc5 35. Rxg6 {[%emt 0:00:26] aiming for Rg7.} Kb4 36. Rf6 a4 $2 (36... Rxc7 {was worth a try.} 37. Rxf5 Rc1+ 38. Kg2 Ra1) 37. bxa4 Kxa4 38. Rxf5 Rxc7 39. Rf8 Ka3 40. Ra8+ Kb2 41. h4 b4 42. Ra4 Kc3 43. Kg2 b5 44. Ra6 Rb7 45. h5 b3 46. axb3 Kxb3 47. Re6 b4 48. Rxe4 Kc3 49. Rd4 b3 (49... Kc2 {was called for.} 50. Rc4+ Kd2) 50. Rd1 Kc2 51. Ra1 (51. Rf1 $18) 51... b2 $11 {[%emt 0:00:00] The position is equal.} 52. Ra2 Kd3 53. Rxb2 Rxb2 {[%emt 0:00:00] KR-KP} 54. Kf3 Rb8 55. Kf4 Rf8+ 56. Ke5 Rxf2 57. g4 Kxe3 58. h6 Rb2 59. g5 Rb5+ 60. Kf6 {[%emt 0:00:26] Threatens to win with h7.} Kf4 {[%emt 0:02:40] ( -> ...Rb6+)} 61. h7 Rb6+ {[%emt 0:00:43] Blacks defense is rewarded with a draw.  Weighted Error Value: White=0.20 (precise) /Black=0.57} 1/2-1/2

[Event "Czech Championship 2022"]
[Site "Usti nad Labem"]
[Date "2022.05.19"]
[Round "6.6"]
[White "Krejci, Jan"]
[Black "Stinka, Jakub"]
[Result "1/2-1/2"]
[ECO "D35"]
[WhiteElo "2520"]
[BlackElo "2345"]
[Annotator "TA"]
[PlyCount "117"]
[EventDate "2022.05.12"]
[EventType "swiss"]
[EventCountry "CZE"]
[SourceTitle "playchess.com"]
[Source "ChessBase"]
[SourceQuality "1"]
[TimeControl "40/5400+30:1800+30"]

1. d4 d5 2. c4 e6 3. Nc3 Nf6 4. cxd5 exd5 5. Bg5 c6 6. e3 Bd6 7. Bd3 O-O 8. Qc2 {[%emt 0:01:52][%cal Od3h7] White wants to play Bxh7+! D35: Queen's Gambit Declined: Exchange Variation.} h6 9. Bh4 Re8 10. Nge2 a5 11. h3 Na6 12. a3 {[%emt 0:00:05] Prevents Nb4.} Nc7 13. O-O Ne6 14. f3 Ng5 15. f4 {[%emt 0:00:09] [#]} Ne6 $146 ({Predecessor:} 15... Nxh3+ 16. gxh3 Rxe3 17. Bf5 Qe7 18. Bxc8 Rxc8 19. Kg2 Re8 20. Rf2 Qe6 21. Rh1 Nh5 {1-0 (44) King,A (2283)-Escudero Donoso,F (2119) Chess.com INT 2022}) 16. Kh1 Nf8 17. Bf2 Bd7 18. Ng3 b5 19. Nf5 Bxf5 20. Bxf5 g6 21. Bd3 Rc8 22. Rac1 Kg7 23. Qd1 N8d7 24. Qf3 Qe7 25. Rce1 (25. Rc2 $11) 25... b4 26. axb4 axb4 27. e4 $2 bxc3 $19 28. e5 {[%emt 0:00:01] [#]} Ne4 $2 (28... cxb2 $1 $19 {[%cal Od6c7] White must now prevent ...Bc7!} 29. Re2 (29. Bh4 Qd8) 29... Rb8 $1) 29. exd6 $17 Qxd6 {[%emt 0:00:51] And now ...Nd2 would win.} 30. Bxe4 dxe4 31. Qxc3 Nf6 $36 {[%emt 0:04:06][%cal Bd7f6,Bf6d5,Bd5c3][%mdl 2080] Black is in control.} (31... Qxf4 $2 32. d5+ (32. Bg3 Qg5 $16) 32... Kg8 33. dxc6 $18 (33. Bg3 Qg5 $16)) 32. f5 Nd5 33. Bg3 Nxc3 34. Bxd6 Nd5 35. f6+ Kh7 ({Don't play} 35... Nxf6 36. Be5 Rxe5 37. dxe5 $18) 36. g4 e3 37. Kg2 Ra8 (37... Re6 $19 38. Bg3 (38. Be5 c5 $17) 38... Ra8) 38. Kf3 {[%emt 0:09:39] [#]} (38. Re2 $17 {was worth a try.}) 38... Ra4 $1 $19 39. b4 Re6 {[%emt 0:02:21] Against Be7} 40. Be5 Rxb4 {[%emt 0:02:55] Hoping for ...c5.} 41. Ra1 c5 (41... e2 $19 42. Rfe1 g5) 42. Ra7 $2 (42. Ra5 $17) 42... cxd4 43. Rxf7+ Kg8 44. Rg7+ Kf8 45. Ra1 {[%emt 0:00:00] Ra8+ would kill now.} Nxf6 $2 ({Black should try} 45... Rxe5 $19 46. Ra8+ Re8) 46. Rxg6 $15 Kf7 (46... Rxe5 $15 47. Rxf6+ Kg7) 47. Rxf6+ $11 {[%emt 0:00:00] The position is equal.} Rxf6+ 48. Bxf6 Kxf6 {[%emt 0:00:07][%mdl 4096] Endgame KR-KR} 49. Ke4 $1 Kg5 50. Ra5+ $1 Kg6 {[%emt 0:01:44] Threatens to win with ...Rb1.} 51. Ra6+ Kf7 {[%emt 0:01:20] aiming for ...Rb1.} 52. Ra2 Ke7 53. h4 Kd7 54. g5 hxg5 55. hxg5 Ke7 56. g6 $1 Kf6 57. Rg2 Kg7 58. Kd3 Ra4 59. Rg1 {[%emt 0:14:12] Whites escaped into a draw.  Weighted Error Value: White=0.27 (precise) /Black=0.23 (precise)} 1/2-1/2

[Event "Czech Championship 2022"]
[Site "Usti nad Labem"]
[Date "2022.05.19"]
[Round "6.7"]
[White "Kraus, Tomas"]
[Black "Mica, Marek"]
[Result "1-0"]
[ECO "A06"]
[WhiteElo "2472"]
[BlackElo "2343"]
[Annotator "TA"]
[PlyCount "135"]
[EventDate "2022.05.12"]
[EventType "swiss"]
[EventCountry "CZE"]
[SourceTitle "playchess.com"]
[Source "ChessBase"]
[SourceQuality "1"]
[TimeControl "40/5400+30:1800+30"]

1. b3 d5 2. Bb2 Nf6 3. Nf3 c6 4. d3 Bf5 5. Nh4 Bc8 6. Nd2 {[%emt 0:02:51] A06: Réti Opening: 1 Nf3 d5.} Nbd7 7. Nhf3 {[%emt 0:09:39] [#]} g6 $146 ({Predecessor:} 7... Qc7 8. c4 e5 9. cxd5 cxd5 10. Rc1 Qb8 11. Qc2 Bd6 12. g3 O-O 13. Bg2 b6 14. O-O Bb7 15. Nh4 Rc8 {½-½ (47) Heimrath,R (2182)-Hacker,J (2382) Schwaebisch Gmuend 2017}) 8. e4 {[%emt 0:01:17][%cal Be2e4,Be4e5][%mdl 32] White is slightly better.} Bg7 9. e5 Ng4 10. d4 f6 11. h3 Nh6 12. Bd3 $36 {[%emt 0:12:41][%mdl 2048] White has the initiative.} O-O 13. O-O fxe5 14. dxe5 Qc7 15. Re1 Nf7 16. Qe2 e6 (16... Nc5 $11 {remains equal.}) 17. c4 $16 Qa5 18. a3 Re8 (18... Qd8 $16) 19. b4 (19. Rad1 $18) 19... Qd8 20. Nb3 Nf8 (20... b6 $142) 21. Rac1 {[%emt 0:02:53] White is more active.} Bd7 (21... b6 $16 22. cxd5 exd5) 22. h4 Rc8 23. g3 Re7 24. Nh2 Nh6 25. f4 Be8 26. Qf2 b6 27. c5 Rb8 (27... Nd7 $142 28. Nf3 bxc5) 28. g4 $18 a5 29. Bc3 axb4 30. Bxb4 (30. axb4 $6 bxc5 31. Nxc5 Nd7 $16) 30... b5 31. g5 Nf7 (31... Nf5 $142 32. Ng4 Ra8 33. Nf6+ Kh8) 32. Ng4 h5 33. Nf6+ Kh8 34. Nd4 Qc8 35. Rc3 Nd8 36. Qc2 Bf7 37. Ba5 Nb7 38. Bb6 Ra8 39. Rb1 Na5 (39... Be8 $142 40. Rb4 Na5) 40. Rb4 {[%emt 0:01:47] Strongly threatening a4.} Nc4 {[%emt 0:02:14] [#]} 41. a4 bxa4 (41... Be8 $142 42. axb5 (42. Bxc4 bxc4 43. Kg2 Rb7 $14) 42... cxb5 43. Nxe8 (43. Bxc4 bxc4 44. c6 Bxc6 $16) (43. Nxb5 Bxb5 44. Rxb5 Na3 $16) 43... Qxe8 44. Nxb5 (44. Bxc4 bxc4 45. c6 Rf7 $16) (44. Rxb5 Qf7 $18) 44... Ra1+ 45. Rb1 Rxb1+ 46. Qxb1 Rf7) 42. Bxc4 dxc4 43. Rxa4 Bxf6 44. gxf6 ({Weaker is} 44. exf6 Re8 45. Rxa8 (45. Rcxc4 $2 e5 $19) 45... Qxa8 $16) 44... Rd7 45. Rcxc4 Be8 $2 (45... Rb8 46. Nf3 g5 47. Nxg5 Bg6) 46. Rxa8 Qxa8 47. Ra4 Qc8 48. Qa2 {[%emt 0:00:31] aiming for Ra8.} Rb7 49. Ra8 Rb8 {[%emt 0:00:06] [#]} 50. Qa7 $1 Nd7 51. Rxb8 Qxb8 52. Qxb8 Nxb8 53. Nxe6 {[%emt 0:00:06] KBN-KBN} Kg8 54. Ng5 Nd7 55. f7+ (55. Bd8 $142 Nxc5 56. Be7 Nd7 57. e6 Nxf6 58. Bxf6 c5 59. Ne4 Bc6 60. Nd6) 55... Bxf7 56. e6 Be8 57. exd7 Bxd7 58. Bc7 Kg7 59. Be5+ Kf8 60. Kf2 Ke7 61. Ke3 Bf5 62. Kd4 Bg4 63. Bh8 Bf5 64. Ke5 Bg4 65. Bf6+ Kd7 66. Ne4 Bf5 67. Nd6 Bb1 68. Bg5 {[%emt 0:00:05] Weighted Error Value: White=0.17 (very precise) /Black=0.50} 1-0

[Event "Czech Championship 2022"]
[Site "Usti nad Labem"]
[Date "2022.05.19"]
[Round "6.8"]
[White "Rasik, Vitezslav"]
[Black "Krivanek, Vladimir"]
[Result "1/2-1/2"]
[ECO "B30"]
[WhiteElo "2433"]
[BlackElo "2180"]
[Annotator "TA"]
[PlyCount "120"]
[EventDate "2022.05.12"]
[EventType "swiss"]
[EventCountry "CZE"]
[SourceTitle "playchess.com"]
[Source "ChessBase"]
[SourceQuality "1"]
[TimeControl "40/5400+30:1800+30"]

1. e4 c5 2. Nf3 Nc6 3. Bb5 e6 4. O-O Nge7 5. c3 a6 6. Ba4 d5 (6... b5 $5 7. Bc2 Bb7 $11) 7. exd5 {[%emt 0:06:26] B30: Sicilian: 2...Nc6 3 Bb5, lines without ...g6.} Qxd5 8. d4 b5 {[%emt 0:02:36] [#]} (8... Ng6 $14) 9. c4 $1 $16 {[%emt 0:06:29] White is clearly better. has lost popularity (9.Bb3).} Qd7 (9... Qxc4 $2 10. Bb3 Qxf1+ 11. Qxf1 $18) 10. cxb5 {[%emt 0:02:54] [#]} axb5 $146 ({Predecessor:} 10... Nxd4 11. Ne5 {1-0 (11) Chuprov,D-Borisenko,A Tiumen 1993}) 11. Bxb5 {[%emt 0:00:54] And now Ne5 would win.} Qb7 (11... Ba6 $16 {keeps fighting.} 12. Bxa6 (12. Ne5 Qb7 $14) 12... Rxa6) 12. Nc3 $18 cxd4 13. Nxd4 {[%emt 0:04:17] Ne4 is the strong threat.} Bd7 14. Qf3 Rb8 15. Nxc6 Nxc6 (15... Bxc6 {was worth a try.} 16. a4 Rd8) 16. Bf4 Nd4 {[%emt 0:02:05] [#]} 17. Bxd7+ $1 Qxd7 18. Qe4 f5 19. Qd3 ({Weaker is} 19. Qb1 Bd6 20. Be3 Bb4 $16) 19... Rxb2 20. Rfd1 Bb4 21. Kh1 Rc2 22. Rac1 ({Inferior is} 22. Nb5 Qxb5 23. Qxd4 O-O $11) (22. Na4 $18) 22... Rxc1 $16 23. Bxc1 {[%emt 0:00:24] Black must now prevent Ne2.} Qc8 24. Nb5 ({Worse is} 24. Qxd4 Bxc3 25. Qb6 Kf7 $11) 24... Nc6 25. Qb3 $2 ({Better is} 25. Bb2 $18) 25... O-O (25... Kf7 $1 $11) 26. Na7 {[%emt 0:00:16] White is more active.} Nxa7 27. Qxb4 Qc2 (27... Nc6 $11 {keeps the balance.} 28. Qa4 Ne5) 28. Qd2 (28. Qd6 $16) 28... Rc8 29. Bb2 Qxd2 30. Rxd2 $11 {[%emt 0:00:01][%mdl 4096] Endgame KRB-KRN} Nc6 31. g3 e5 32. Kg2 Rc7 33. Rc2 {[%emt 0:00:57][%cal Ob2e5] aiming for Bxe5!} Rb7 34. Ba1 Rb1 35. Bb2 Kf7 36. a3 e4 37. Bxg7 Kxg7 38. Rxc6 {[%emt 0:00:01] KR-KR} Rb2 39. Kf1 Ra2 40. Ra6 Kf7 41. h3 h5 {[%emt 0:06:33] Inhibits g4.} 42. Rh6 Rxa3 {[%emt 0:05:01] The position is equal.} 43. Rxh5 Kg6 44. g4 fxg4 45. hxg4 Rf3 46. Ke2 Rf4 47. Ke3 Rxg4 48. Re5 Kf6 49. Rxe4 Rg1 50. Ra4 Rh1 51. Ke4 Rh2 52. Ra6+ Kf7 53. f4 Rb2 54. Ra5 Kf6 55. Ra6+ Kf7 56. Kf5 Rb5+ 57. Kg4 Rc5 58. Rh6 Kg7 59. Re6 Kf7 60. Ra6 Kg7 {[%emt 0:00:48] Black escapes into a draw.  Weighted Error Value: White=0.15 (very precise) /Black=0.15 (very precise)} 1/2-1/2

[Event "Czech Championship 2022"]
[Site "Usti nad Labem"]
[Date "2022.05.19"]
[Round "6.9"]
[White "Rubes, Jan"]
[Black "Finek, Vaclav"]
[Result "1-0"]
[ECO "D31"]
[WhiteElo "2386"]
[BlackElo "2410"]
[Annotator "TA"]
[PlyCount "137"]
[EventDate "2022.05.12"]
[EventType "swiss"]
[EventCountry "CZE"]
[SourceTitle "playchess.com"]
[Source "ChessBase"]
[SourceQuality "1"]
[TimeControl "40/5400+30:1800+30"]

1. d4 d5 2. c4 e6 3. Nc3 c6 4. e4 dxe4 5. Nxe4 Bb4+ 6. Bd2 Qxd4 7. Bxb4 Qxe4+ 8. Be2 Nd7 9. Nf3 c5 10. Bc3 Ngf6 11. Qd6 {[%emt 0:20:33][%mdl 1024] Inhibits Qf4. White has compensation. D31: Queen's Gambit Declined: Semi-Slav without ...Nf6 (+ Marshall Gambit and Noteboom) and Exchange Variation lines without ...Nf6.} a5 12. Nd2 (12. Rd1 $14) 12... Qg6 ({Black should play} 12... Qxg2 13. Bf3 Qh3) 13. Bf3 {[%emt 0:03:16] White has an edge.} Ra6 14. Qc7 O-O 15. O-O e5 16. Rfe1 {[%emt 0:01:54] [#]} (16. Bxb7 Ra7 17. Qxc8 Rxc8 18. Bxc8 Nh5 $17) 16... Re6 $146 (16... Ra8 $1 $11) ({Predecessor:} 16... Ra8 17. Bxe5 Ne8 18. Qd8 Nef6 19. Qe7 Re8 20. Bxf6 Rxe7 21. Bxe7 h6 22. Bh4 Nb6 23. Rac1 Bd7 24. Bxb7 {½-½ (24) Van Seben,E (2113)-Sekret,R (2000) IECG email 2003}) 17. Ne4 $1 $16 {[%emt 0:06:47] White is more active.} (17. Bxe5 $2 Rfe8 18. Re3 Nxe5 $19) (17. Qxa5 $6 e4 18. Bd1 Ne5 $11) 17... Nxe4 18. Bxe4 Qh5 (18... Qg5 $16) 19. Rad1 $18 (19. Bxb7 Bxb7 20. Qxb7 Rd6 $16) 19... Nf6 20. Bf3 (20. Bxb7 $6 Bxb7 21. Qxb7 Qh4 $14) (20. Bc2 $1 $18 ) 20... Qf5 (20... Qh4 $16) 21. Qxc5 Rfe8 22. Qxa5 (22. Bxa5 $6 b6 23. Bxb6 Nd7 24. Rxd7 Bxd7 $14) 22... h5 (22... Qf4 $16 {was called for.} 23. Rd8 Qxc4) 23. Rd8 h4 (23... Rxd8 $142 24. Qxd8+ Re8) 24. h3 Rxd8 25. Qxd8+ Re8 26. Qa5 Qc2 (26... e4 {might work better.}) 27. Bxe5 {[%emt 0:03:55] A strong pair of Bishops.} (27. Rxe5 Qc1+ 28. Re1 Rxe1+ 29. Bxe1 Qxc4 $18) 27... Qxc4 28. Bxf6 Rxe1+ 29. Qxe1 {[%emt 0:00:03] Qe8+ would kill now.} gxf6 {[%emt 0:00:06][%mdl 4096] Endgame KQB-KQB} 30. Qc3 Qe6 (30... Qxc3 $142 31. bxc3 b6) 31. Bg4 f5 32. Bf3 Bd7 33. Qd4 Bc6 34. Bxc6 ({Weaker is} 34. Qxh4 Bxf3 35. gxf3 Qxa2 $16) (34. Qd8+ $6 Kg7 $16) 34... Qxc6 {[%emt 0:00:27] KQ-KQ} 35. Qf4 {[%emt 0:03:09] Prevents Qc1+.} Qc2 36. Qxh4 (36. b4 $1 $18) 36... Qc1+ 37. Kh2 {[%emt 0:00:11] Strongly threatening a4.} Qxb2 38. a4 {[%emt 0:01:27] And now Qg5+ would win.} Qd2 {[%emt 0:01:38] Inhibits Qg5+.} 39. Qg3+ Kh7 40. Qh4+ Kg8 $1 {[%emt 0:00:53] [#]} 41. f3 $1 Kg7 $2 {[%emt 0:04:44] [#]} (41... Qd7 $16 42. Kg3 Qd6+ 43. Qf4 Qg6+ 44. Kh2 Qe6) 42. Qg3+ $1 Kh7 43. Qe5 Kg6 44. h4 Qd7 45. Qf4 {[%emt 0:02:21] Hoping for Qg5+.} Qe7 (45... Kh7 46. h5 f6) 46. Kh3 Qf6 47. a5 (47. Qb8 $142) 47... Qe7 $2 (47... Qd8 {is a better defense.} 48. h5+ Kxh5) 48. Qg3+ $2 (48. g4 $18 {is the precise move to win.} Qf6 49. Kg3) 48... Kh6 $2 {[%emt 0:03:36] Black cannot hold the game after this.} (48... Kh7 $16 49. Qb8 Qd7) 49. Qg8 {[%emt 0:00:19] White wants to mate with Qh8+.} f4 $2 (49... Qf6 50. g3 Qe5 51. Qxf7 Qb5 52. Qe6+ Kh7 53. Qe7+ Kh8) 50. Qh8+ ({And not} 50. Kg4 Qd7+ 51. Kxf4 Qd2+ 52. Kg3 Qe1+ 53. Kh2 Qxh4+ 54. Kg1 Qe1+ 55. Kh2 Qh4+ 56. Kg1 Qe1+ 57. Kh2 Qh4+ $11) 50... Kg6 51. h5+ ({Less strong is} 51. Kg4 Qd7+ 52. Kxf4 Qf5+ 53. Kg3 Qxa5 $16) 51... Kf5 52. Qg7 {[%emt 0:02:30] White threatens h6 and mate.} Qc7 53. h6 {[%emt 0:00:28] White mates.} Qc1 54. Kh2 Qe1 55. Qg4+ Kf6 56. h7 Qg3+ 57. Qxg3 fxg3+ 58. Kxg3 {[%emt 0:00:08] KP-KP} Kg7 59. Kg4 Kxh7 {[%emt 0:00:07] K3P-KPP} 60. Kg5 Kg7 61. Kf5 Kf8 62. Kf6 Ke8 63. g4 Kf8 64. g5 Ke8 65. g6 fxg6 66. Kxg6 Ke7 67. f4 Kf8 68. Kf6 Ke8 69. Kg7 {[%emt 0:00:04] Weighted Error Value: White=0.23 (precise) /Black=0.46} 1-0

[Event "Czech Championship 2022"]
[Site "Usti nad Labem"]
[Date "2022.05.19"]
[Round "6.10"]
[White "Buchcar, Tomas"]
[Black "Mikes, Jan"]
[Result "0-1"]
[ECO "B11"]
[WhiteElo "2183"]
[BlackElo "2349"]
[Annotator "TA"]
[PlyCount "140"]
[EventDate "2022.05.12"]
[EventType "swiss"]
[EventCountry "CZE"]
[SourceTitle "playchess.com"]
[Source "ChessBase"]
[SourceQuality "1"]
[TimeControl "40/5400+30:1800+30"]

1. e4 c6 2. Nc3 d5 3. Nf3 dxe4 4. Nxe4 Nf6 5. Ng3 h5 6. h4 Bg4 {[%emt 0:00:50] B11: Caro-Kann: Two Knights Variation.} 7. Be2 Qc7 8. d4 Nbd7 {[%emt 0:00:56] Prevents Ne5. Black has an edge.} 9. c3 e6 10. Nf1 Bd6 11. Ne3 {[%emt 0:01:48] [#]} Ne4 $146 (11... c5 $15) ({Predecessor:} 11... O-O-O 12. b4 Nd5 13. c4 Bxb4+ 14. Bd2 Bxd2+ 15. Qxd2 Nxe3 16. Qxe3 Qa5+ 17. Nd2 Bxe2 18. Qxe2 {0-1 (55) Drahoradova,Z (1683)-Joukl,Z (2040) Chess.com INT 2021}) 12. Nd2 Ng3 13. fxg3 $18 Bxg3+ 14. Kf1 Nf6 15. Bf3 (15. Bxg4 $6 hxg4 16. Nb3 (16. Qe2 Qf4+ 17. Kg1 Bxh4 $16) 16... Qf4+ 17. Ke2 Ne4 $16) 15... O-O-O 16. Nxg4 hxg4 17. Bxg4 Qf4+ 18. Bf3 $1 Rxh4 {[%emt 0:02:31] ( -> ...Qe3)} (18... Qe3 $2 19. Ne4 $1 Ng4 20. h5 $18) 19. Ke2 {[%emt 0:03:16][%cal Od2f1] Against Qe3+} (19. Rxh4 Qxh4 20. Qc2 g5 $11) 19... Qf5 20. Rxh4 Bxh4 21. Nc4 g5 22. Ne3 (22. Qd3 g4 $16) 22... Qg6 23. Qd3 (23. Kf1 $6 Bg3 $18) 23... Qg7 24. g4 Bg3 25. Bd2 Rh8 26. Rf1 Rh2+ 27. Kd1 Qh8 28. Be2 {[%emt 0:04:05] Hoping for Nc4.} Bf4 29. Nc4 Nd5 30. Qe4 Nf6 31. Qd3 Nd5 32. Ne3 $2 (32. Rf3 $18) 32... Rh3 $2 (32... Nf6 $1 $11 {and Black is okay.}) 33. Rf3 Rh1+ 34. Kc2 Nf6 35. Ng2 Bxd2 36. Kxd2 (36. Qxd2 Rh2 $18) 36... Ra1 37. a3 Qh1 38. Bf1 Nd5 (38... Ne4+ 39. Qxe4 Rxf1 40. Rxf1 Qxf1) 39. Qe2 $2 (39. Rxf7 {[%cal Od3g6] Qg6! would kill now.} Nf4 40. Nxf4 Rxf1 41. Qe2 $1) 39... Qh7 40. Qd3 (40. Qe5 $18) 40... Qh2 (40... Qh1 $1 $11 41. Rxf7 Nf4 42. Nxf4 Rxf1) 41. Rf2 (41. Rxf7 $142 Nf4 42. Qf3) 41... Nf4 {[%emt 0:33:20] Against Qg6} 42. Qe3 (42. Qf3 $18) 42... Rxf1 $1 $11 {[%emt 0:00:31][%mdl 64] Remove Defender, Decoy} 43. Rxf1 Qxg2+ {[%emt 0:00:05][%mdl 4096] Endgame KQR-KQN} 44. Rf2 Qxg4 45. Rh2 Kd7 46. c4 Qf5 47. Kc3 (47. Rh8 $11 {feels stronger.}) 47... Qa5+ (47... a5 $15) 48. Kc2 Qa4+ 49. Qb3 $2 (49. Kb1 $1 $11 {and White has nothing to worry.}) 49... Qxb3+ $19 50. Kxb3 {[%emt 0:00:00] KR-KN} Ke7 $1 51. Kc3 g4 52. Rh4 f5 53. Kd2 Kf6 54. Rh7 Nh3 $1 (54... g3 55. Ke3 $11) 55. Ke2 (55. Rxb7 $2 g3 56. Rb3 f4 $19) 55... f4 56. Rxb7 Kf5 $2 ({Better is} 56... g3 $19 {Threatens to win with ...g2.} 57. Kf3 (57. Rxa7 $2 g2 $19) 57... Ng5+ 58. Kg2 (58. Kxf4 $2 g2 $19) 58... a6) 57. Rg7 $2 (57. Rxa7 $11 {and White stays safe.} g3 58. Rg7 (58. Kf3 Ng5+ 59. Kg2 Kg4 $11)) 57... Ng5 {[%emt 0:01:09] Strongly threatening ...g3.} 58. b4 $2 (58. Kf2 Nf3 59. d5 (59. Rxa7 Nxd4 60. b4 g3+ 61. Kf1 Ke4 $19) 59... exd5 60. cxd5 cxd5 61. Rxa7) 58... Nf3 $2 (58... g3 $19 59. Kf1 f3) 59. Rd7 $11 Ke4 60. b5 $1 cxb5 (60... Nxd4+ $2 61. Rxd4+ $1 Kxd4 62. bxc6 $18) 61. c5 $1 {[%emt 0:00:11] Black must now prevent c6.} Ng5 $2 (61... Nxd4+ $2 62. Rxd4+ $1 Kxd4 63. c6 $18) (61... g3 $11 62. Kf1 Nd2+ 63. Kg2 Nc4) 62. c6 $1 $18 f3+ 63. Kd2 $4 (63. Ke1 $18 Kd3 64. Rg7) 63... g3 $19 {[%emt 0:05:13] ...g2 is the strong threat. Black is clearly winning.} 64. c7 g2 65. c8=Q g1=Q 66. Qb7+ {[%emt 0:02:02] [#]} Kf4 $1 ({Not} 66... Kf5 67. Qxb5+ Kg6 68. Qe5 $11) 67. Qxb5 {[%emt 0:01:16] And now Qe5+ would win.} Ne4+ (67... Kg4 $2 {[#]} 68. Qxg5+ $3 Kxg5 69. Rg7+ Kf4 70. Rxg1 $18) 68. Kc2 Qf2+ 69. Kb3 Qe3+ 70. Kb2 Qe2+ {[%emt 0:03:45] Quite a comeback for Black.  Weighted Error Value: White=0.72/Black=0.48} 0-1

[Event "Czech Championship 2022"]
[Site "Usti nad Labem"]
[Date "2022.05.19"]
[Round "6.11"]
[White "Sorm, Daniel"]
[Black "Delgerdalai, Bayarjavkhlan"]
[Result "1-0"]
[ECO "A47"]
[WhiteElo "2306"]
[BlackElo "2119"]
[Annotator "TA"]
[PlyCount "93"]
[EventDate "2022.05.12"]
[EventType "swiss"]
[EventCountry "CZE"]
[SourceTitle "playchess.com"]
[Source "ChessBase"]
[SourceQuality "1"]
[TimeControl "40/5400+30:1800+30"]

1. d4 Nf6 2. Bf4 e6 3. e3 b6 4. Nf3 c5 5. Bd3 Ba6 (5... Bb7 $11) 6. Bxa6 $14 {[%emt 0:02:40] A47: 1 d4 Nf6 2 Nf3 b6: Torre, London and Colle Systems.} Nxa6 {[%emt 0:00:09] [#]} 7. O-O $146 ({Predecessor:} 7. c3 Nb8 8. h3 d5 9. Nbd2 Bd6 10. Ne5 Bxe5 11. Bxe5 Nbd7 12. Bh2 a5 13. a3 {0-1 (78) Flores,C (1340)-Da Rocha,L (1647) Sao Paulo 2018}) 7... Be7 8. c4 {[%emt 0:02:36] White is slightly better.} Nh5 9. Be5 f6 10. Bg3 Nxg3 11. hxg3 O-O 12. d5 f5 13. Qa4 Nc7 14. Rd1 {[%emt 0:12:16] [#] Threatens to win with d6.} exd5 (14... Bf6 $5 15. Nc3 Bxc3 16. bxc3 exd5 $11) 15. Nc3 Qe8 16. Nxd5 {[%emt 0:02:30] White is more active.} Nxd5 17. Rxd5 d6 18. Qc2 Qf7 19. Rad1 a6 20. a4 Rab8 21. Qd3 Qe6 22. b3 Rf7 23. Nd2 Rbf8 24. Re1 h5 (24... f4 $14) 25. Nf3 (25. Re2 $142) 25... Qe4 $16 26. Qe2 {[%emt 0:09:32][%cal Of3e5] And now Ne5! would win.} Qg4 27. Kf1 h4 (27... Re8 $16) 28. gxh4 $18 Bxh4 (28... Rf6 {was necessary.} 29. g3 Qh3+ 30. Kg1 Re6) 29. Rxd6 Be7 30. Rxb6 Rf6 31. Rxf6 Rxf6 32. Ng1 Qe4 33. Rd1 Rb6 34. Qd3 Qg4 35. f3 Qh5 36. Nh3 Rd6 37. Qe2 {[%emt 0:00:57] Hoping for Rxd6.} Rb6 38. Rd3 g5 39. Kg1 Rh6 40. Rd5 Qg6 41. Nf2 Qe6 42. Qd3 Rf6 43. e4 Bd6 (43... Kf7 $142 44. Nh3 Rg6 45. Rxf5+ Ke8) 44. Kf1 Kg7 45. exf5 Qe7 46. Ne4 Rh6 47. Rxd6 {[%emt 0:01:03] Weighted Error Value: White=0.13 (very precise) /Black=0.45} (47. f6+ $142 Rxf6 48. Nxf6 Be5 49. Nh5+ Kf7 50. Qh7+ Kf8 51. Qf5+ Ke8 52. Rxe5) 1-0